| TOP OF THE 1ST |
|
Princeton Rays batting - Pitching for Cleveland (APP) Indians : RHP Jose Esteban
|
|
Pitching: RHP Jose Esteban
|
|
|
Batting: SHB Chris Lockart
|
0-0: Swinging Strike 0-1: Fly out, F8 (Flyball, 78M, EV 81.3 MPH)
|
|
Batting: SHB Berthold Frey
|
0-0: Foul Ball, location: 2F 0-1: Ball 1-1: Ball 2-1: Swinging Strike 2-2: Foul Ball, location: 2F 2-2: Ground out 6-3 (Groundball, 6, EV 96.3 MPH)
|
|
Batting: LHB Rocky Crowley
|
0-0: Called Strike 0-1: Foul Ball, location: 2F 0-2: Strikes out swinging
|
| Top of the 1st over - 0 runs, 0 hits, 0 errors, 0 left on base; Princeton 0 - Cleveland (APP) 0 |
| BOTTOM OF THE 1ST |
|
Cleveland (APP) Indians batting - Pitching for Princeton Rays : RHP Jose Robles
|
|
Pitching: RHP Jose Robles
|
|
|
Batting: RHB John Clark
|
0-0: Called Strike 0-1: Called Strike 0-2: Foul Ball, location: 2F 0-2: Foul Ball, location: 2F 0-2: Strikes out swinging
|
|
Batting: RHB Carlos Manriquez
|
0-0: Ball 1-0: Ball 2-0: Called Strike 2-1: Foul Ball, location: 2F 2-2: Fly out, F8 (Line Drive, 8RM, EV 94.4 MPH)
|
|
Batting: RHB Juan Gallardo
|
0-0: Called Strike 0-1: Called Strike 0-2: Strikes out looking
|
| Bottom of the 1st over - 0 runs, 0 hits, 0 errors, 0 left on base; Princeton 0 - Cleveland (APP) 0 |
| TOP OF THE 2ND |
|
Princeton Rays batting - Pitching for Cleveland (APP) Indians : RHP Jose Esteban
|
|
Batting: RHB Wil Urban
|
0-0: Ball 1-0: Ball 2-0: Ball 3-0: Base on Balls
|
|
Batting: SHB Lou Kroneman
|
0-0: SINGLE (Line Drive, 9LS, EV 96.3 MPH) Wil Urban to second Runner from 2nd tries for 3rd, SAFE, throw by RF made to third
|
|
Batting: RHB James Huddleston
|
0-0: Ball 1-0: Called Strike 1-1: Ball 2-1: Ball 3-1: Foul Ball, location: 2F 3-2: Base on Balls Lou Kroneman to second
|
|
Pitching: RHP Gilbert Paparelli
|
|
|
Batting: RHB Chris Thorson
|
0-0: Ball 1-0: Foul Ball, location: 2F 1-1: Ball Wild Pitch! Wil Urban scores Lou Kroneman to third James Huddleston to second 2-1: Ball 3-1: Base on Balls
|
|
Batting: SHB Wayne Hattan
|
0-0: Swinging Strike Passed Ball! Lou Kroneman scores James Huddleston to third Chris Thorson to second 0-1: Ball 1-1: Ball Wild Pitch! James Huddleston scores Chris Thorson to third 2-1: Reached on error, E4 (Groundball, 4M, EV 84.4 MPH) Chris Thorson scores
|
|
Batting: RHB Bazyli Andrysiak
|
0-0: Ball 1-0: Ball Passed Ball! Wayne Hattan to second 2-0: Ball 3-0: Called Strike 3-1: Swinging Strike 3-2: Base on Balls
|
|
Batting: SHB Chris Lockart
|
0-0: Foul Ball, location: 2F 0-1: Ball 1-1: Ball 2-1: Ball 3-1: Called Strike 3-2: Foul Ball, location: 2F 3-2: Foul Ball, location: 2F 3-2: Foul Ball, location: 2F 3-2: SINGLE (Groundball, 4S, EV 68.1 MPH) (infield hit) Wayne Hattan to third Bazyli Andrysiak to second
|
|
Pitching: LHP Jordan Jimenez
|
|
|
Batting: SHB Berthold Frey
|
0-0: Ball 1-0: Ball 2-0: Ball Passed Ball! Wayne Hattan scores Bazyli Andrysiak to third Chris Lockart to second 3-0: Called Strike 3-1: Base on Balls
|
|
Batting: LHB Rocky Crowley
|
0-0: Ball 1-0: Foul Ball, location: 2F 1-1: Ball Wild Pitch! Bazyli Andrysiak scores Chris Lockart to third Berthold Frey to second 2-1: Ball Passed Ball! Chris Lockart scores Berthold Frey to third 3-1: Called Strike 3-2: Foul Ball, location: 2F 3-2: Base on Balls
|
|
Batting: RHB Wil Urban
|
0-0: Ball 1-0: Ball Wild Pitch! Berthold Frey scores Rocky Crowley to second 2-0: Ball Wild Pitch! Rocky Crowley to third 3-0: Called Strike 3-1: Ground out 6-3 (Groundball, 6, EV 100.6 MPH) Rocky Crowley scores
|
|
Batting: SHB Lou Kroneman
|
0-0: Called Strike 0-1: SOLO HOME RUN (Flyball, 7LD, EV 102.5 MPH), Distance : 365 ft
|
|
Batting: RHB James Huddleston
|
0-0: Called Strike 0-1: Ball 1-1: Ball 2-1: Ball 3-1: DOUBLE (Flyball, 8RD, EV 94.4 MPH)
|
|
Batting: RHB Chris Thorson
|
0-0: Called Strike 0-1: SINGLE (Groundball, 5S, EV 76.9 MPH) (infield hit) James Huddleston to third
|
|
Batting: SHB Wayne Hattan
|
0-0: Ball 1-0: Ball 2-0: Called Strike 2-1: Swinging Strike 2-2: Fielders Choice at 2nd, 5-4 (Groundball, 56, EV 101.3 MPH) James Huddleston scores
|
|
Batting: RHB Bazyli Andrysiak
|
0-0: Called Strike 0-1: Foul Ball, location: 2F 0-2: Ball 1-2: Ball 2-2: Ground out 4-3 (Groundball, 4, EV 80.6 MPH)
|
| Top of the 2nd over - 11 runs, 5 hits, 1 error, 1 left on base; Princeton 11 - Cleveland (APP) 0 |
| BOTTOM OF THE 2ND |
|
Cleveland (APP) Indians batting - Pitching for Princeton Rays : RHP Jose Robles
|
|
Batting: RHB Luis Roman
|
0-0: Swinging Strike 0-1: SINGLE (Line Drive, 4D, EV 99.4 MPH)
|
|
Batting: LHB Kenji Yokoyama
|
0-0: Swinging Strike 0-1: Called Strike 0-2: Ball 1-2: Strikes out looking
|
|
Batting: RHB Joe Shade
|
0-0: Swinging Strike 0-1: Swinging Strike 0-2: Foul Ball, location: 2F 0-2: SINGLE (Line Drive, 8LS, EV 103.1 MPH) Luis Roman to second
|
|
Batting: LHB Heath Ryland
|
0-0: Called Strike 0-1: Foul Ball, location: 2F 0-2: SINGLE (Groundball, 3D, EV 100.6 MPH) Luis Roman to third Joe Shade to second
|
|
Batting: RHB Ken Shear
|
0-0: Called Strike 0-1: Ball 1-1: Swinging Strike 1-2: Strikes out swinging
|
|
Batting: SHB Mike Shields
|
0-0: Ball 1-0: Foul Ball, location: 2F 1-1: Called Strike 1-2: Ball 2-2: SINGLE (Line Drive, 9S, EV 103.1 MPH) Luis Roman scores Joe Shade to third Heath Ryland to second Runner from 3rd tries for Home, SAFE, throw by RF to home
|
|
Batting: RHB John Clark
|
0-0: Called Strike 0-1: Swinging Strike 0-2: Strikes out swinging
|
| Bottom of the 2nd over - 2 runs, 4 hits, 0 errors, 2 left on base; Princeton 11 - Cleveland (APP) 2 |
| TOP OF THE 3RD |
|
Princeton Rays batting - Pitching for Cleveland (APP) Indians : LHP Jordan Jimenez
|
|
Batting: SHB Chris Lockart
|
0-0: Ball 1-0: Foul Ball, location: 2F 1-1: SOLO HOME RUN (Flyball, 9D, EV 98.8 MPH), Distance : 385 ft
|
|
Batting: SHB Berthold Frey
|
0-0: SINGLE (Groundball, 25, EV 68.8 MPH) (infield hit)
|
|
Batting: LHB Rocky Crowley
|
0-0: Foul Ball, location: 2F 0-1: Fly out, F9 (Flyball, 9LM, EV 109.4 MPH)
|
|
Batting: RHB Wil Urban
|
0-0: Ball 1-0: Fly out, F8 (Flyball, 78D, EV 95.0 MPH)
|
|
Batting: SHB Lou Kroneman
|
0-0: Called Strike 0-1: Swinging Strike 0-2: Ground out 3-1 (Groundball, 34, EV 83.1 MPH)
|
| Top of the 3rd over - 1 run, 2 hits, 0 errors, 1 left on base; Princeton 12 - Cleveland (APP) 2 |
| BOTTOM OF THE 3RD |
|
Cleveland (APP) Indians batting - Pitching for Princeton Rays : RHP Jose Robles
|
|
Batting: RHB Carlos Manriquez
|
0-0: Called Strike 0-1: Swinging Strike 0-2: Strikes out swinging
|
|
Batting: RHB Juan Gallardo
|
0-0: Foul Ball, location: 2F 0-1: Swinging Strike 0-2: Fly out, F7 (Flyball, 7, EV 80.6 MPH)
|
|
Batting: RHB Luis Roman
|
0-0: Ground out 5-3 (Groundball, 56, EV 85.6 MPH)
|
| Bottom of the 3rd over - 0 runs, 0 hits, 0 errors, 0 left on base; Princeton 12 - Cleveland (APP) 2 |
| TOP OF THE 4TH |
|
Princeton Rays batting - Pitching for Cleveland (APP) Indians : LHP Jordan Jimenez
|
|
Batting: RHB James Huddleston
|
0-0: Foul Ball, location: 2F 0-1: Ball 1-1: Ball 2-1: Foul Ball, location: 2F 2-2: Ball 3-2: Foul Ball, location: 2F 3-2: Base on Balls
|
|
Batting: RHB Chris Thorson
|
0-0: Ball Wild Pitch! James Huddleston to second 1-0: Foul Ball, location: 2F 1-1: Ball 2-1: Called Strike 2-2: Foul Ball, location: 2F 2-2: Ball 3-2: Foul Ball, location: 2F 3-2: SINGLE (Line Drive, 78S, EV 101.9 MPH) James Huddleston to third
|
|
Batting: SHB Wayne Hattan
|
0-0: Ball 1-0: Ball 2-0: Ball 3-0: Called Strike 3-1: SINGLE (Groundball, 6MD, EV 114.4 MPH) James Huddleston scores Chris Thorson to second
|
|
Batting: RHB Bazyli Andrysiak
|
0-0: DOUBLE (Line Drive, 89XD, EV 112.5 MPH) Chris Thorson scores Wayne Hattan to third
|
|
Batting: SHB Chris Lockart
|
0-0: Ball Passed Ball! Wayne Hattan scores Bazyli Andrysiak to third 1-0: Fly out, F3 (Flyball, 34D, EV 71.3 MPH)
|
|
Batting: SHB Berthold Frey
|
0-0: Ground out 5-3 (Groundball, 56S, EV 86.3 MPH) Bazyli Andrysiak scores
|
|
Batting: LHB Rocky Crowley
|
0-0: Foul Ball, location: 2F 0-1: Ground out 6-3 (Groundball, 6, EV 106.3 MPH)
|
| Top of the 4th over - 4 runs, 3 hits, 0 errors, 0 left on base; Princeton 16 - Cleveland (APP) 2 |
| BOTTOM OF THE 4TH |
|
Cleveland (APP) Indians batting - Pitching for Princeton Rays : RHP Jose Robles
|
|
Batting: LHB Kenji Yokoyama
|
0-0: Foul Ball, location: 2F 0-1: Called Strike 0-2: Foul Ball, location: 2F 0-2: Ball 1-2: Fly out, F7 (Flyball, 78M, EV 88.8 MPH)
|
|
Batting: RHB Joe Shade
|
0-0: Ball 1-0: Ball 2-0: Called Strike 2-1: Called Strike 2-2: Strikes out looking
|
|
Batting: LHB Heath Ryland
|
0-0: Foul Ball, location: 2F 0-1: Ball 1-1: Swinging Strike 1-2: Foul Ball, location: 2F 1-2: Strikes out swinging
|
| Bottom of the 4th over - 0 runs, 0 hits, 0 errors, 0 left on base; Princeton 16 - Cleveland (APP) 2 |
| TOP OF THE 5TH |
|
Princeton Rays batting - Pitching for Cleveland (APP) Indians : LHP Jordan Jimenez
|
|
Batting: RHB Wil Urban
|
0-0: Ball 1-0: Foul Ball, location: 2F 1-1: Foul Ball, location: 2F 1-2: Ball 2-2: Strikes out swinging
|
|
Batting: SHB Lou Kroneman
|
0-0: Fly out, F7 (Flyball, 7D, EV 95.0 MPH)
|
|
Batting: RHB James Huddleston
|
0-0: Called Strike 0-1: Ball 1-1: Swinging Strike 1-2: Foul Ball, location: 2F 1-2: Strikes out looking
|
| Top of the 5th over - 0 runs, 0 hits, 0 errors, 0 left on base; Princeton 16 - Cleveland (APP) 2 |
| BOTTOM OF THE 5TH |
|
Cleveland (APP) Indians batting - Pitching for Princeton Rays : RHP Jose Robles
|
|
Batting: RHB Ken Shear
|
0-0: Ground out 6-3 (Groundball, 6, EV 108.8 MPH)
|
|
Batting: SHB Mike Shields
|
0-0: Called Strike 0-1: Ball 1-1: Ball 2-1: Called Strike 2-2: Ball 3-2: Base on Balls
|
|
Batting: RHB John Clark
|
0-0: Ball 1-0: Ball 2-0: Called Strike 2-1: Fly out, F7 (Flyball, 7LD, EV 107.5 MPH)
|
|
Batting: RHB Carlos Manriquez
|
0-0: Called Strike 0-1: Ball 1-1: Called Strike 1-2: Ball 2-2: Foul Ball, location: 2F 2-2: Ball 3-2: Ground out U3 (Groundball, 3S, EV 85.6 MPH)
|
| Bottom of the 5th over - 0 runs, 0 hits, 0 errors, 1 left on base; Princeton 16 - Cleveland (APP) 2 |
| TOP OF THE 6TH |
|
Princeton Rays batting - Pitching for Cleveland (APP) Indians : LHP Jordan Jimenez
|
|
Batting: RHB Chris Thorson
|
0-0: Called Strike 0-1: SINGLE (Groundball, 6MS, EV 70.6 MPH) (infield hit)
|
|
Batting: SHB Wayne Hattan
|
0-0: 2-RUN HOME RUN (Flyball, 7D, EV 95.6 MPH), Distance : 376 ft
|
|
Batting: RHB Bazyli Andrysiak
|
0-0: Fly out, F7 (Flyball, 7D, EV 96.3 MPH)
|
|
Batting: SHB Chris Lockart
|
0-0: Ground out 5-3 (Groundball, 56S, EV 82.5 MPH)
|
|
Batting: SHB Berthold Frey
|
0-0: Ball 1-0: Ball 2-0: Called Strike 2-1: Called Strike 2-2: Ball 3-2: Base on Balls
|
|
Batting: LHB Rocky Crowley
|
0-0: Ball 1-0: Ball 2-0: Ball Wild Pitch! Berthold Frey to second 3-0: Called Strike 3-1: Base on Balls
|
|
Batting: RHB Wil Urban
|
0-0: Called Strike 0-1: Ball 1-1: Called Strike 1-2: Ball 2-2: Ball 3-2: Strikes out swinging
|
| Top of the 6th over - 2 runs, 2 hits, 0 errors, 2 left on base; Princeton 18 - Cleveland (APP) 2 |
| BOTTOM OF THE 6TH |
|
Cleveland (APP) Indians batting - Pitching for Princeton Rays : RHP Jose Robles
|
|
Batting: RHB Juan Gallardo
|
0-0: Called Strike 0-1: Foul Ball, location: 2F 0-2: Fly out, F8 (Flyball, 8RM, EV 83.1 MPH)
|
|
Batting: RHB Luis Roman
|
0-0: Called Strike 0-1: Ground out 6-3 (Groundball, 6, EV 81.9 MPH)
|
|
Batting: LHB Kenji Yokoyama
|
0-0: Swinging Strike 0-1: Ball 1-1: Ball 2-1: Ball 3-1: Called Strike 3-2: Strikes out swinging
|
| Bottom of the 6th over - 0 runs, 0 hits, 0 errors, 0 left on base; Princeton 18 - Cleveland (APP) 2 |
| TOP OF THE 7TH |
|
Princeton Rays batting - Pitching for Cleveland (APP) Indians : LHP Jordan Jimenez
|
|
Batting: SHB Lou Kroneman
|
0-0: Called Strike 0-1: Foul Ball, location: 2F 0-2: Hit by Pitch
|
|
Batting: RHB James Huddleston
|
0-0: Ball 1-0: TRIPLE (Flyball, 8RXD, EV 90.6 MPH) Lou Kroneman scores
|
|
Batting: RHB Chris Thorson
|
0-0: Called Strike 0-1: Ball 1-1: Foul Ball, location: 2F 1-2: Ball 2-2: Foul Ball, location: 2F 2-2: Ball 3-2: Foul Ball, location: 2F 3-2: Foul Ball, location: 2F 3-2: Foul Ball, location: 2F 3-2: Base on Balls
|
|
Batting: SHB Wayne Hattan
|
0-0: 3-RUN HOME RUN (Flyball, 7LD, EV 93.8 MPH), Distance : 346 ft
|
|
Batting: RHB Bazyli Andrysiak
|
0-0: Called Strike 0-1: Ball 1-1: Reached on error, E2 (Groundball, 2R, EV 68.8 MPH)
|
|
Batting: SHB Chris Lockart
|
0-0: Ball 1-0: Reached on error, E6 (Groundball, 6, EV 103.1 MPH) Bazyli Andrysiak to second
|
|
Batting: SHB Berthold Frey
|
0-0: Ball Passed Ball! Bazyli Andrysiak to third Chris Lockart to second 1-0: SINGLE (Line Drive, 7LS, EV 105.6 MPH) Bazyli Andrysiak scores Chris Lockart to third
|
|
Pinch Hitting: RHB Octavio Cuevas
|
0-0: Called Strike 0-1: Fly out, F8 (Line Drive, 8LM, EV 90.6 MPH)
|
|
Batting: RHB Wil Urban
|
0-0: Ball Wild Pitch! Chris Lockart scores Berthold Frey to second 1-0: Ball 2-0: Ball Wild Pitch! Berthold Frey to third 3-0: Base on Balls
|
|
Batting: SHB Lou Kroneman
|
0-0: Fly out, F9 (Flyball, 9D, EV 97.5 MPH) Runner from 3rd tags up, OUT at HOME! 9-2
|
| Top of the 7th over - 6 runs, 3 hits, 2 errors, 1 left on base; Princeton 24 - Cleveland (APP) 2 |
| BOTTOM OF THE 7TH |
|
Cleveland (APP) Indians batting - Pitching for Princeton Rays : RHP Jose Robles
|
|
Now in LF: Dan Marks
|
|
|
Batting: RHB Joe Shade
|
0-0: Ball 1-0: Swinging Strike 1-1: Fly out, F9 (Flyball, 9S, EV 78.8 MPH)
|
|
Batting: LHB Heath Ryland
|
0-0: Hit by Pitch
|
|
Batting: RHB Ken Shear
|
0-0: Bunted foul 0-1: Ball 1-1: Ball 2-1: Bunted foul 2-2: Sac Bunt to P - play at first, batter OUT! 1-3 Heath Ryland to second
|
|
Batting: SHB Mike Shields
|
0-0: Ground out 4-3 (Groundball, 4M, EV 87.5 MPH)
|
| Bottom of the 7th over - 0 runs, 0 hits, 0 errors, 1 left on base; Princeton 24 - Cleveland (APP) 2 |
| TOP OF THE 8TH |
|
Princeton Rays batting - Pitching for Cleveland (APP) Indians : LHP Jordan Jimenez
|
|
Batting: RHB James Huddleston
|
0-0: TRIPLE (Line Drive, 89XD, EV 106.3 MPH)
|
|
Batting: RHB Chris Thorson
|
0-0: Ball 1-0: Foul Ball, location: 2F 1-1: Ball 2-1: Ball 3-1: Base on Balls
|
|
Batting: SHB Wayne Hattan
|
0-0: Called Strike 0-1: Ball 1-1: Ball Passed Ball! James Huddleston scores Chris Thorson to second 2-1: Ball 3-1: Base on Balls
|
|
Batting: RHB Bazyli Andrysiak
|
0-0: Fielders Choice at 2nd, 1-4 (Groundball, 15S, EV 70.0 MPH) Chris Thorson to third
|
|
Batting: SHB Chris Lockart
|
0-0: Ball Wild Pitch! Chris Thorson scores Bazyli Andrysiak to second 1-0: Ball Wild Pitch! Bazyli Andrysiak to third 2-0: Ball Wild Pitch! Bazyli Andrysiak scores 3-0: Called Strike 3-1: Base on Balls
|
|
Batting: SHB Berthold Frey
|
0-0: Called Strike 0-1: Ball 1-1: Ball 2-1: Foul Ball, location: 2F 2-2: Grounds into double play, 4-6-3 (Groundball, 34, EV 88.8 MPH)
|
| Top of the 8th over - 3 runs, 1 hit, 0 errors, 0 left on base; Princeton 27 - Cleveland (APP) 2 |
| BOTTOM OF THE 8TH |
|
Cleveland (APP) Indians batting - Pitching for Princeton Rays : RHP Jose Robles
|
|
Batting: RHB John Clark
|
0-0: Called Strike 0-1: Reached on error, E5 (Groundball, 56, EV 86.9 MPH)
|
|
Batting: RHB Carlos Manriquez
|
0-0: Ball 1-0: Called Strike 1-1: Ground out 5-3 (Groundball, 56S, EV 83.8 MPH)
|
|
Batting: RHB Juan Gallardo
|
0-0: Called Strike 0-1: Called Strike 0-2: Ball 1-2: Ball 2-2: Ball 3-2: Base on Balls
|
|
Pitching: RHP John Morgan
|
|
|
Batting: RHB Luis Roman
|
0-0: Called Strike 0-1: Ball 1-1: Foul Ball, location: 2F 1-2: Ball 2-2: Foul Ball, location: 2F 2-2: Strikes out swinging
|
|
Batting: LHB Kenji Yokoyama
|
0-0: Ball 1-0: Foul Ball, location: 2F 1-1: Called Strike 1-2: Ball Wild Pitch! John Clark to third Juan Gallardo to second 2-2: Ball 3-2: Strikes out swinging
|
| Bottom of the 8th over - 0 runs, 0 hits, 1 error, 2 left on base; Princeton 27 - Cleveland (APP) 2 |
| TOP OF THE 9TH |
|
Princeton Rays batting - Pitching for Cleveland (APP) Indians : LHP Jordan Jimenez
|
|
Batting: RHB Dan Marks
|
0-0: Ball 1-0: Called Strike 1-1: Foul Ball, location: 2F 1-2: SINGLE (Groundball, 6MD, EV 96.9 MPH)
|
|
Batting: RHB Wil Urban
|
0-0: Foul Ball, location: 2F 0-1: Foul Ball, location: 2F 0-2: 2-RUN HOME RUN (Line Drive, 7D, EV 99.4 MPH), Distance : 383 ft
|
|
Batting: SHB Lou Kroneman
|
0-0: Ball 1-0: Called Strike 1-1: DOUBLE (Line Drive, 7D, EV 110.0 MPH)
|
|
Batting: RHB James Huddleston
|
0-0: Ball Passed Ball! Lou Kroneman to third 1-0: Ball 2-0: Ball 3-0: Base on Balls
|
|
Pinch Hitting: RHB Jim Erdody
|
0-0: Fielders Choice at 2nd, 5-4 (Groundball, 56, EV 82.5 MPH) Lou Kroneman scores
|
|
Batting: SHB Wayne Hattan
|
0-0: Fielders Choice at 2nd, 5-4 (Groundball, 5S, EV 83.1 MPH)
|
|
Batting: RHB Bazyli Andrysiak
|
0-0: Swinging Strike 0-1: SINGLE (Groundball, 4MD, EV 95.0 MPH) Wayne Hattan to second
|
|
Batting: SHB Chris Lockart
|
0-0: Ball 1-0: Foul Ball, location: 2F 1-1: Called Strike 1-2: Ball 2-2: Ball Passed Ball! Wayne Hattan to third Bazyli Andrysiak to second 3-2: Base on Balls
|
|
Batting: SHB Berthold Frey
|
0-0: Foul Ball, location: 2F 0-1: Ball Passed Ball! Wayne Hattan scores Bazyli Andrysiak to third Chris Lockart to second 1-1: Ground out 4-3 (Groundball, 4, EV 105.6 MPH)
|
| Top of the 9th over - 4 runs, 4 hits, 0 errors, 2 left on base; Princeton 31 - Cleveland (APP) 2 |
| BOTTOM OF THE 9TH |
|
Cleveland (APP) Indians batting - Pitching for Princeton Rays : RHP John Morgan
|
|
Now at 2B: Jim Erdody
|
|
|
Batting: RHB Joe Shade
|
0-0: Foul Ball, location: 2F 0-1: Ball 1-1: Called Strike 1-2: Ball 2-2: Ball 3-2: Strikes out looking
|
|
Batting: LHB Heath Ryland
|
0-0: Swinging Strike 0-1: Ball 1-1: Ball 2-1: Foul Ball, location: 2F 2-2: Strikes out swinging
|
|
Batting: RHB Ken Shear
|
0-0: Called Strike 0-1: Hit by Pitch
|
|
Batting: SHB Mike Shields
|
0-0: Ball 1-0: Called Strike 1-1: Ball 2-1: Ground out 3-1 (Groundball, 34, EV 78.8 MPH)
|
| Bottom of the 9th over - 0 runs, 0 hits, 0 errors, 1 left on base; Princeton 31 - Cleveland (APP) 2 |
|